 Dungeon Crawl Stone Soup version 0.21.1-1-g345015f (webtiles) character file.

182 wilfster70 the Poker (level 5, 0/33 HPs)
             Began as an Octopode Fighter on Feb 27, 2018.
             Was a Follower of Hepliaklqana.
             Slain by an orc wizard
             ... wielding a +0 hand axe
              (1 damage)
             ... on level 4 of the Dungeon.
             The game lasted 00:09:21 (2372 turns).

wilfster70 the Poker (Octopode Fighter)             Turns: 2372, Time: 00:09:22

Health: 0/33       AC:  1    Str: 15    XL:     5   Next: 61%
Magic:  5/5        EV: 12    Int: 11    God:    Hepliaklqana [*.....]
Gold:   185        SH:  0    Dex: 12    Spells: 4/4 levels left

rFire    . . .     SeeInvis .   a - +1 trident
rCold    . . .     Gourm    .   b - +0 shield
rNeg     + + .     Faith    .   (helmet restricted)
rPois    .         Spirit   .   (no amulet)
rElec    .         Reflect  .   o - ring of positive energy
rCorr    .         Harm     .   s - ring of positive energy
MR       .....                  (no ring)
Stlth    ++........             (no ring)
HPRegen  0.11/turn              (no ring)
MPRegen  0.09/turn              (no ring)
                                (no ring)
                                (no ring)

@: confused
A: almost no armour, stealthy swim, amphibious, 8 rings, constrict 8, reduced
essence, camouflage 1, gelatinous body 1
a: Recall Ancestor, Ancestor Identity, Renounce Religion


You were on level 4 of the Dungeon.
You worshipped Hepliaklqana.
Hepliaklqana was aware of your devotion.
You were hungry.

You visited 1 branch of the dungeon, and saw 4 of its levels.

You collected 185 gold pieces.

Inventory:

Hand Weapons
 a - a +1 trident (weapon)
Missiles
 e - 7 javelins (quivered)
Armour
 b - a +0 shield (worn)
Jewellery
 n - an uncursed ring of ice
 o - a ring of positive energy (left tentacle)
 s - a ring of positive energy (right tentacle)
Scrolls
 f - a scroll of remove curse
 j - 2 scrolls of amnesia
Potions
 c - a potion of might
 g - a potion of heal wounds
 h - a potion of curing
 i - a potion of haste
 k - a potion of resistance
 m - a potion of agility
 r - a potion of cancellation {unknown}
 t - a potion of berserk rage {unknown}
Comestibles
 d - 3 rations


   Skills:
 + Level 3.7 Fighting
 * Level 4.0 Polearms
 + Level 3.5 Dodging
 - Level 2.0 Stealth
 + Level 3.5 Shields


You had 4 spell levels left.
You didn't know any spells.

Dungeon Overview and Level Annotations

Branches:
Dungeon (4/15)
 Temple: D:4-7

Altars:
Fedhas
Hepliaklqana
Kikubaaqudgha
Ru
Vehumet


Innate Abilities, Weirdness & Mutations

You cannot wear most types of armour.
You are very stealthy in the water. (Stealth+)
You are amphibious.
You can wear up to eight rings at the same time.
You can use your tentacles to constrict eight enemies at once.
Your skin changes colour to match your surroundings (Stealth+).
Your rubbery body absorbs attacks. (AC +1, EV +1)
Your life essence is reduced to manifest your ancestor. (-10% HP)


Message History

You hear some strange, mumbled words.
You are confused.
The orc hits Gerald with a mace.
Gerald barely misses the orc.
Gerald hits the orc.
Gerald closely misses the orc.
You are feeling hungry.
The orc hits you but does no damage. Something hits you.
Gerald barely misses the orc.
You miss the orc.
The orc is almost dead.
You hear some strange, mumbled words.
A magic dart appears from out of thin air!
The magic dart hits you!
* * * LOW HITPOINT WARNING * * *
The orc hits you with a mace.
* * * LOW HITPOINT WARNING * * *
Gerald hits the orc.
The orc dies!
Something hits you.
You die...

#.....#≈...≈#..###
#.....#.≈≈≈.#..# ..
#.....#.....#.## #.#
#......#...#.## #.#
#.......#.#.##
#.####........#..##
...............#..####
#....................###
#............)R)@.......
#............#....!.....
.............#)t........
######......o#..........
#................#.....
#.##########.....#.####
##'#####....#.###.# #
............#. .#
............#. +#


You could see the friendly Gerald the ancestor and a crocodile.

Vanquished Creatures
  An orc priest (D:3)
  An iguana (D:4)
  2 orc wizards (D:4)
  An ooze (D:2)
  2 dart slugs (D:1)
  A worm (D:3)
  A leopard gecko (D:4)
  2 orcs
  3 bats
  2 giant cockroaches
  4 goblins
  3 hobgoblins
  4 frilled lizards
  3 kobolds
  8 rats
  A rat zombie (D:3)
39 creatures vanquished.

Vanquished Creatures (collateral kills)
  An adder (D:3)
  2 orcs
  A bat zombie (D:3)
  2 hobgoblins
  A frilled lizard (D:3)
  A kobold (D:3)
8 creatures vanquished.

Grand Total: 47 creatures vanquished

Notes
Turn   | Place    | Note
-------+----------+-------------------------------------------
     0 | D:1      | wilfster70 the Octopode Fighter began the quest for the Orb.
     0 | D:1      | Reached XP level 1. HP: 16/16 MP: 1/1
   223 | D:1      | Reached XP level 2. HP: 21/21 MP: 2/2
   754 | D:2      | Reached XP level 3. HP: 26/26 MP: 3/3
   798 | D:2      | Found a hazy altar of Hepliaklqana.
   806 | D:2      | Became a worshipper of Hepliaklqana the Forgotten
  1238 | D:2      | Reached skill level 1 in Stealth
  1438 | D:3      | Found a sacrificial altar of Ru.
  1453 | D:3      | Reached * piety under Hepliaklqana
  1523 | D:3      | Reached skill level 3 in Polearms
  1523 | D:3      | Reached XP level 4. HP: 19/27 MP: 4/4
  1905 | D:3      | Found an ancient bone altar of Kikubaaqudgha.
  1927 | D:3      | Found a radiant altar of Vehumet.
  2075 | D:3      | Found a blossoming altar of Fedhas.
  2175 | D:4      | Found a sacrificial altar of Ru.
  2360 | D:4      | Reached XP level 5. HP: 18/32 MP: 5/5
  2364 | D:4      | Noticed a crocodile
  2366 | D:4      | Reached skill level 4 in Polearms
  2371 | D:4      | HP: 1/33 [orc/mace (2)]
  2372 | D:4      | Slain by an orc wizard

Skill      XL: |  1  2  3  4  5 |
---------------+----------------+-----
Stealth        | 1 2 |  2.0
Polearms       | 3 4 |  4.0
Fighting       | |  3.7
Dodging        | |  3.5
Shields        | |  3.5

Action                   |  1- 3 |  4- 6 || total
-------------------------+-------+-------++-------
Melee: Trident           |    44 |    31 ||    75
       Constrict         |    10 |     7 ||    17
       Tentacles         |     7 |     5 ||    12
Invok: Ancestor Identity |     1 |     1 ||     2
       Recall Ancestor   |       |     1 ||     1
  Use: Scroll            |       |    10 ||    10
 Stab: Sleeping          |    11 |     2 ||    13
  Eat: Chunk             |     1 |     3 ||     4
Armor: Skin              |     1 |     4 ||     5
Dodge: Dodged            |     9 |    14 ||    23
Block: Shield            |    10 |    11 ||    21
